 Dungeon Crawl Stone Soup version 0.24-a0-201-gf205589 (webtiles) character file.

Game seed: 6059385034611602775

1134 Ijustatesigmund the Cudgeler (level 8, -1/55 HPs)
             Began as an Octopode Fighter on Mar 23, 2019.
             Slain by a sky beast (3 damage)
             ... on level 5 of the Dungeon.
             The game lasted 00:06:56 (4512 turns).

Ijustatesigmund the Cudgeler (Octopode Fighter)     Turns: 4512, Time: 00:06:57

Health: -1/55      AC:  3    Str: 20    XL:     8   Next: 36%
Magic:  8/8        EV: 14    Int: 14    God:
Gold:   254        SH: 11    Dex: 13    Spells: 7/7 levels left

rFire    . . .     SeeInvis .   a - +1 flail
rCold    . . .     Gourm    .   b - +1 shield
rNeg     . . .     Faith    .   (helmet restricted)
rPois    .         Spirit   .   (no amulet)
rElec    .         Reflect  .   e - +3 ring of intelligence
rCorr    .         Harm     .   (no ring)
MR       .....                  k - +2 ring of protection
Stlth    ++++......             j - +5 ring of strength
HPRegen  0.18/turn              (no ring)
MPRegen  0.11/turn              (no ring)
                                (no ring)
                                (no ring)

@: no status effects
A: almost no armour, stealthy swim, amphibious, 8 rings, constrict 8, camouflage
1, gelatinous body 1
a: no special abilities


You were on level 5 of the Dungeon.
You were hungry.

You visited 1 branch of the dungeon, and saw 5 of its levels.

You collected 254 gold pieces.

Inventory:

Hand Weapons
 a - a +1 flail (weapon)
Armour
 b - a +1 shield (worn)
Jewellery
 e - a +3 ring of intelligence (left tentacle)
 j - a +5 ring of strength (on tentacle)
 k - a +2 ring of protection (on tentacle)
Wands
 s - a wand of acid (8)
Scrolls
 i - 2 scrolls of fog {unknown}
 l - a scroll of teleportation
 o - 2 scrolls of identify
 q - 2 scrolls of fear
 r - a scroll of acquirement {unknown}
Potions
 c - a potion of might
 f - 3 potions of heal wounds
 g - 2 potions of curing
 h - 2 potions of haste
 m - a potion of degeneration {unknown}
 n - a potion of mutation {unknown}
 p - 2 potions of ambrosia {unknown}
Comestibles
 d - 7 rations


   Skills:
 + Level 5.2 Fighting
 + Level 5.4 Maces & Flails
 + Level 5.2 Dodging
 + Level 4.5 Stealth
 + Level 5.2 Shields


You had 7 spell levels left.
You didn't know any spells.
Your spell library was empty.

Dungeon Overview and Level Annotations

Branches:
Dungeon (5/15)
 Temple: D:4-7

Altars:
Gozag
Hepliaklqana
Makhleb
Nemelex Xobeh
Uskayaw
Yredelemnul

Shops:
D:2 *


Innate Abilities, Weirdness & Mutations

You cannot wear most types of armour.
You are very stealthy in the water. (Stealth+)
You are amphibious.
You can wear up to eight rings at the same time.
You can use your tentacles to constrict eight enemies at once.
Your skin changes colour to match your surroundings (Stealth+).
Your rubbery body absorbs attacks. (AC +1, EV +1)


Message History

You miss something. Your squeeze misses something. Something hits you.
Something shocks you. Something hits you. Something shocks you.
* * * LOW HITPOINT WARNING * * *
You closely miss something. Something hits you but does no damage.
You miss something. You block something's attack.
You sock something! Your squeeze misses something.
Something hits you but does no damage.
You barely miss something. Something hits you.
* * * LOW HITPOINT WARNING * * *
Something shocks you.
* * * LOW HITPOINT WARNING * * *
You closely miss something. Your squeeze misses something.
A sky beast appears from thin air!
Reactivating autopickup.
The sky beast hits you.
* * * LOW HITPOINT WARNING * * *
The sky beast shocks you.
* * * LOW HITPOINT WARNING * * *
The sky beast hits you.
You die...

... ....#...##
... ....#....
... ...#...#
###. ..#...#
#.). #.#...#
#.#.
######.#...#
#)#.
#..........#
#.#.
#....Y@....#
#.#.
#.......$..#
#.##
#.......[..#
#...
#..........###
###.
######.##....#
.....
#.##....#
####.
#.##(...# #.
#.##....# #.
#....# #.


You could see a sky beast.

Vanquished Creatures
  An ice beast (D:5)
  A sky beast (D:5)
  A phantom (D:4)
  An ogre (D:4)
  A centaur (D:5)
  A howler monkey (D:3)
  A crimson imp (D:5)
  A jelly (D:5)
  An orc priest (D:3)
  5 orc wizards
  4 bullfrog skeletons
  2 iguanas
  Terence (D:3)
  A worker ant (D:5)
  Robin (D:4)
  5 adders
  2 oozes
  2 worms
  10 leopard geckos
  22 orcs
  5 giant cockroaches
  16 goblins
  7 hobgoblins
  5 jackals
  4 quokkas
  A ball python (D:1)
  13 bats
  7 frilled lizards
  A jackal skeleton (D:5)
  7 kobolds
  10 rats
140 creatures vanquished.

Notes
Turn   | Place    | Note
-------+----------+-------------------------------------------
     0 | D:1      | Ijustatesigmund the Octopode Fighter began the quest for
                  | the Orb.
     0 | D:1      | Reached XP level 1. HP: 16/16 MP: 1/1
     6 | D:1      | Noticed an anaconda
     6 | D:1      | Noticed a killer bee
     6 | D:1      | Noticed a wolf
     6 | D:1      | Noticed a lindwurm
     6 | D:1      | Noticed a black bear
   164 | D:1      | Reached XP level 2. HP: 18/21 MP: 2/2
   512 | D:1      | Reached XP level 3. HP: 26/26 MP: 3/3
   824 | D:2      | Found a faded altar of an unknown god.
   955 | D:2      | Found a hazy altar of Hepliaklqana.
   997 | D:2      | Found an opulent altar of Gozag.
  1000 | D:2      | Found Gozag's Platinum Reserve.
  1369 | D:2      | Reached XP level 4. HP: 23/31 MP: 4/4
  1939 | D:3      | Reached XP level 5. HP: 22/37 MP: 5/5
  2063 | D:3      | Noticed Terence
  2073 | D:3      | Killed Terence
  2241 | D:3      | Reached XP level 6. HP: 39/43 MP: 6/6
  2687 | D:4      | Reached skill level 1 in Stealth
  2730 | D:4      | Found a basalt altar of Yredelemnul.
  2743 | D:4      | Found a hide-covered altar of Uskayaw.
  2743 | D:4      | Found a burning altar of Makhleb.
  2825 | D:4      | Identified the cursed -7 helmet of Qilol {rF+}
  2825 | D:4      | Noticed Robin
  2830 | D:4      | Killed Robin
  2830 | D:4      | Reached XP level 7. HP: 40/48 MP: 7/7
  4076 | D:5      | Entered Level 5 of the Dungeon
  4094 | D:5      | Found a burning altar of Makhleb.
  4173 | D:5      | Reached skill level 5 in Maces & Flails
  4173 | D:5      | Reached XP level 8. HP: 36/54 MP: 8/8
  4326 | D:5      | Reached skill level 5 in Fighting
  4326 | D:5      | Reached skill level 5 in Dodging
  4326 | D:5      | Reached skill level 5 in Shields
  4368 | D:5      | Found a sparkling altar of Nemelex Xobeh.
  4512 | D:5      | HP: 2/55 [sky beast (6)]
  4512 | D:5      | Slain by a sky beast

Levels and vault maps discovered:
D:1:      onia_arrival_zoo_common, layout_rooms, minmay_misc_feat_tower,
          minmay_misc_feat_diagonals, minmay_bisected
D:2:      layout_loops_corners, old_standard_altar, first_ration,
          chequers_ecumenical_altar_twisty, st_stairs_6,
          chequers_serial_rivers_micro_a, nicolae_gozag_zags_fifth_avenue
D:3:      minmay_angry_zag, layout_basic, uniq_terence
D:4:      layout_loops_ring, chequers_temple_overflow_statue_of_worship,
          uniq_robin
D:5:      layout_basic, nemelex_xobeh_ov_fountains_minmay,
          minmay_misc_feat_rows, minmay_misc_feat_iff, bloody_makhleb,
          uniq_blork_the_orc

Skill      XL: |  1  2  3  4  5  6  7  8 |
---------------+-------------------------+-----
Maces & Flails | 3 4 5 |  5.4
Fighting       | 4 5 |  5.2
Shields        | 4 5 |  5.2
Dodging        | 4 5 |  5.2
Stealth        | 2 3 4 |  4.5

Action                   |  1- 3 |  4- 6 |  7- 9 || total
-------------------------+-------+-------+-------++-------
Melee: Flail             |    83 |   130 |    97 ||   310
       Constrict         |    21 |    41 |    13 ||    75
       Tentacles         |    10 |    38 |    18 ||    66
  Use: Scroll            |     7 |     5 |       ||    12
       Potion            |       |     1 |     3 ||     4
 Stab: Sleeping          |     2 |     2 |     7 ||    11
       Distracted        |       |       |     1 ||     1
  Eat: Chunk             |     1 |     5 |     5 ||    11
Armor: Skin              |    15 |    13 |     6 ||    34
Dodge: Dodged            |    41 |    51 |    44 ||   136
Block: Shield            |    49 |    74 |    32 ||   155

Table legend:
 A = Non-vault XP
 B = Vault XP
 C = Vault XP percentage of total XP
 D = Non-vault monster count
 E = Vault monster count
 F = Vault count percentage of total count
                 A         B        C        D         E       F
            +---------+---------+-------+---------+---------+-------
      Total |    1531 |      89 |   5.5 |     122 |      18 |  12.9
            +---------+---------+-------+---------+---------+-------
        D:1 |      30 |      13 |  30.2 |      21 |       4 |  16.0
        D:2 |      53 |       3 |   5.4 |      18 |       2 |  10.0
        D:3 |     227 |      46 |  16.8 |      43 |       5 |  10.4
        D:4 |     556 |      27 |   4.6 |      26 |       7 |  21.2
        D:5 |     665 |       0 |   0.0 |      14 |       0 |   0.0
            +---------+---------+-------+---------+---------+-------
